 Dungeon Crawl Stone Soup version 0.27-a0-1200-g94dc6ad4cf (webtiles) character file.

Game seed: 4432923829108929202

989 polve the Skirmisher (level 7, -1/58 HPs)
             Began as a Demonspawn Abyssal Knight on May 30, 2021.
             Was a Believer of Lugonu.
             Slain by an ogre
             ... wielding a +0 giant club
              (20 damage)
             ... on level 4 of the Dungeon.
             The game lasted 00:07:34 (5315 turns).

polve the Skirmisher (Demonspawn Abyssal Knight)    Turns: 5315, Time: 00:07:34

Health: -1/58      AC: 10    Str: 12    XL:     7   Next: 98%
Magic:  10/10      EV:  6    Int: 15    God:    Lugonu [**....]
Gold:   279        SH:  0    Dex: 13    Spells: 6/6 levels left

rFire    . . .     SeeInvis .   m - +2 spear (distort)
rCold    . . .     Faith    .   (no shield)
rNeg     . . .     Spirit   .   o - +0 chain mail
rPois    .         Reflect  .   (no helmet)
rElec    .         Harm     .   e - +0 cloak
rCorr    .         Rampage  .   (no gloves)
Will     .....                  (no boots)
Stlth    ..........             (no amulet)
HPRegen  0.19/turn              (no ring)
MPRegen  0.24/turn              (no ring)

@: no status effects
A: talons 2, ignite blood 2, magic regeneration
a: Renounce Religion, Depart the Abyss, Bend Space


You were on level 4 of the Dungeon.
You worshipped Lugonu.
Lugonu was pleased with you.
You visited 1 branch of the dungeon, and saw 4 of its levels.
You visited the Abyss 2 times.

You collected 279 gold pieces.

Inventory:

Hand Weapons
 a - a +2 dagger of draining
 m - a +2 spear of distortion (weapon)
Armour
 b - a +1 helmet
 e - a +0 cloak (worn)
 o - a +0 chain mail (worn)
Scrolls
 c - 3 scrolls of vulnerability {unknown}
 h - a scroll of fog {unknown}
 i - a scroll of immolation {unknown}
 j - a scroll of magic mapping {unknown}
 k - a scroll of enchant weapon {unknown}
 n - a scroll of identify {unknown}
 p - a scroll of noise {unknown}
Potions
 d - a potion of flight {unknown}
 f - a potion of brilliance {unknown}
 g - a potion of might {unknown}
 l - a potion of curing {unknown}


   Skills:
 - Level 6.0 Fighting
 - Level 4.0 Short Blades
 - Level 4.0 Armour
 - Level 4.0 Dodging
 + Level 4.0 Invocations


You had 6 spell levels left.
You didn't know any spells.
Your spell library contained the following spells:

 Spells                   Type           Power      Damage    Failure   Level
 Summon Small Mammal      Summ           0%         N/A       100%        1
 Call Imp                 Summ           0%         N/A       100%        2
 Call Canine Familiar     Summ           0%         N/A       100%        3
 Summon Guardian Golem    Hex/Summ       0%         N/A       100%        3
 Summon Ice Beast         Ice/Summ       0%         N/A       100%        4
 Summon Lightning Spire   Summ/Air       0%         N/A       100%        4


Dungeon Overview and Level Annotations

Branches:
Dungeon (4/15)
 Temple: D:4-7

Altars:
Elyvilon
Nemelex Xobeh
Sif Muna
Yredelemnul

Shops:
D:3 :

Annotations:
Abyss:1 Pikel


Innate Abilities, Weirdness & Mutations

You have razor-sharp toenails.
Your demonic aura often causes spilled blood to erupt in flames.
You regenerate magic rapidly.


Message History

Press: ? - help, Dir - move target, f - ogre
Aim: an ogre, wielding a +0 giant club (moderately wounded, about 23% to evade your +2 spear of distortion)
You hit the ogre but do no damage. You claw the ogre.
The ogre is moderately wounded.
The ogre blinks!
Reach: m) +2 spear (distort)
Press: ? - help, Dir - move target, f/p - ogre
Aim: an ogre, wielding a +0 giant club (moderately wounded, about 23% to evade your +2 spear of distortion)
Your chain mail prevents you from hitting the ogre.
You claw the ogre.
The ogre is moderately wounded.
The ogre hits you with a +0 giant club! Space bends around you!
You blink.
Reach: m) +2 spear (distort)
Press: ? - help, Dir - move target, f/p - ogre
Aim: an ogre, wielding a +0 giant club (moderately wounded, about 23% to evade your +2 spear of distortion)
You hit the ogre.
Space bends around the ogre.
The ogre is heavily wounded.
The ogre is engulfed in blazing flames.
The ogre hits you with a +0 giant club!
You hit the ogre.
The ogre is almost dead.
The ogre blinks!
Reach: m) +2 spear (distort)
Press: ? - help, Dir - move target, f/p - ogre
Aim: an ogre, wielding a +0 giant club (almost dead, about 23% to evade your +2 spear of distortion)
You reach to attack!
You hit the ogre.
The ogre is almost dead.
Reach: m) +2 spear (distort)
Press: ? - help, Dir - move target, f/p - ogre
Aim: an ogre, wielding a +0 giant club (almost dead, about 23% to evade your +2 spear of distortion)
You barely miss the ogre. You claw the ogre, but do no damage.
The ogre is almost dead.
The ogre barely misses you.
You closely miss the ogre.
The ogre is almost dead.
The ogre hits you with a +0 giant club!
You barely miss the ogre. Your kick misses the ogre.
The ogre is almost dead.
The ogre hits you with a +0 giant club!!
You die...

### #.... .
#.#.# .. #.#.#
... #.#.# ..
#O#.# ####.#...
######@#.##
#........
##.........###.#
.........).....#
##.####.########
... #.###...#
... #.......#
#.# #.###...#
#.# #.#######
... #...)..# #o#


You could see an ogre.

Vanquished Creatures
  Menkaure (D:4)
  A gnoll sergeant (D:4)
  Natasha (thrice) (D:2)
  14 gnolls
  5 adders
  2 worms (D:2)
  3 dart slugs
  2 orcs
  6 endoplasms
  4 giant cockroaches
  8 hobgoblins
  8 jackals
  10 kobolds
  3 quokkas
  11 ball pythons
  5 bats
  5 frilled lizards
  4 goblins
  5 rats
100 creatures vanquished.

Notes
Turn   | Place    | Note
-------+----------+-------------------------------------------
     0 | Abyss:1  | polve the Demonspawn Abyssal Knight began the quest for the
                  | Orb.
     0 | Abyss:1  | Reached XP level 1. HP: 18/18 MP: 2/2
    77 | Abyss:1  | Found a corrupted altar of Lugonu.
   142 | Abyss:2  | Noticed a salamander
   152 | D:1      | Escaped the Abyss
   202 | D:1      | Reached * piety under Lugonu
   589 | D:1      | Gained mutation: You regenerate magic rapidly. [demonic
                  | ancestry]
   589 | D:1      | Reached XP level 2. HP: 23/24 MP: 3/3
  1343 | D:1      | Gained mutation: You have sharp toenails. [demonic
                  | ancestry]
  1343 | D:1      | Reached XP level 3. HP: 15/29 MP: 4/4
  1947 | D:2      | Reached ** piety under Lugonu
  2057 | D:2      | Reached XP level 4. HP: 35/35 MP: 5/5
  2259 | D:2      | Noticed Natasha
  2265 | D:2      | Killed Natasha
  2277 | D:2      | Noticed Natasha
  2354 | D:2      | Reached skill level 4 in Fighting
  2483 | D:2      | Found a faded altar of an unknown god.
  2595 | D:2      | Killed Natasha
  2596 | D:2      | Gained mutation: You have razor-sharp toenails. [demonic
                  | ancestry]
  2596 | D:2      | Reached XP level 5. HP: 28/42 MP: 6/6
  2680 | D:2      | Noticed Natasha
  2687 | D:2      | Killed Natasha
  2843 | D:3      | You fall into a shaft and drop 1 floor!
  2865 | D:3      | Found a sparkling altar of Nemelex Xobeh.
  2936 | D:3      | Cast into level 1 of the Abyss (gnoll)
  2984 | Abyss:1  | Noticed a mana viper
  2985 | D:3      | Escaped the Abyss
  3362 | D:2      | Reached skill level 5 in Fighting
  3664 | D:3      | Found Ynuossina's Book Emporium.
  3698 | D:3      | Gained mutation: Your demonic aura sometimes causes spilled
                  | blood to erupt in flames. [demonic ancestry]
  3698 | D:3      | Reached XP level 6. HP: 35/51 MP: 7/7
  3882 | D:3      | Found a basalt altar of Yredelemnul.
  4162 | D:4      | Noticed Menkaure
  4377 | D:4      | Killed Menkaure
  4378 | D:4      | Reached skill level 6 in Fighting
  4378 | D:4      | Reached skill level 1 in Dodging
  4518 | D:4      | Noticed Pikel
  4536 | D:4      | Banished Pikel
  4537 | D:4      | Gained mutation: Your demonic aura often causes spilled
                  | blood to erupt in flames. [demonic ancestry]
  4537 | D:4      | Reached XP level 7. HP: 26/58 MP: 8/8
  4708 | D:4      | Found a shimmering blue altar of Sif Muna.
  5315 | D:4      | Slain by an ogre

Illustrated notes

Levels and vault maps discovered:
D:1:      minmay_arrival_solitary_statue, layout_loops_ring
D:2:      layout_loops_ring, shapermc_ecumenical_altar_hornbeckon, uniq_natasha
D:3:      layout_basic, lemuel_doored_altar, nemelex_spade_bored_becter,
          serial_shops, shop, chequers_serial_rivers_marsh
D:4:      layout_loops_ring, minitemple, lemuel_crystal_altar,
          minmay_fountain_box, lightli_minifort, uniq_menkaure, uniq_grinder,
          uniq_pikel

Skill      XL: |  1  2  3  4  5  6  7 |
---------------+----------------------+-----
Short Blades   | 2 3 4 |  4.0
Fighting       | 4 5 6 |  6.0
Armour         | 4 |  4.0
Dodging        | 3 4 |  4.0
Invocations    | 4 |  4.0

Action                   |  1- 3 |  4- 6 |  7- 9 || total
-------------------------+-------+-------+-------++-------
Melee: Short sword       |   146 |    40 |       ||   186
       Kick              |     9 |    26 |     8 ||    43
       Dagger            |       |    40 |       ||    40
       Spear             |       |    56 |    60 ||   116
Invok: Depart the Abyss  |     1 |     1 |       ||     2
       Bend Space        |       |     1 |     1 ||     2
 Stab: Sleeping          |     1 |       |       ||     1
       Distracted        |       |     1 |       ||     1
Armor: Leather armour    |    45 |    29 |       ||    74
       Chain mail        |       |     6 |    11 ||    17
Dodge: Dodged            |    76 |    66 |     6 ||   148

Table legend: (Time is in decaauts)
 A = Elapsed time spent in this place.
 B = Non-inter-level travel time spent in this place.
 C = Inter-level travel time spent in this place.
 D = Time resting spent in this place.
 E = Time spent auto-exploring this place.
 F = Levels seen in this place.
 G = Mean time per level.
                   A        B        C        D        E       F      G
               +--------+--------+--------+--------+--------+-----+--------+
         Total |   5316 |   5264 |     52 |      0 |   4446 |   7 |  759.4 |
       Dungeon |   5116 |   5064 |     52 |      0 |   4322 |   4 | 1279.0 |
         Abyss |    200 |    200 |      0 |      0 |    124 |   3 |   66.7 |
               +--------+--------+--------+--------+--------+-----+--------+

Top non-repeatable levels by time:
     D:1: 1647 daAuts
     D:2: 1571 daAuts
     D:4: 1022 daAuts
     D:3: 875 daAuts
 Abyss:1: 128 daAuts
 Abyss:2: 71 daAuts
